 Dungeon Crawl Stone Soup version 0.17.1-2-g5865329 (webtiles) character file.

3947 Miyamura the Magician (level 10, -1/72 HPs)
             Began as a Mummy Wizard on Jan 24, 2016.
             Was an Initiate of Gozag.
             Slain by a two-headed ogre
             ... wielding a +0 giant club
              (23 damage)
             ... on level 8 of the Dungeon on Jan 25, 2016.
             The game lasted 00:49:57 (15226 turns).

Miyamura the Magician (Mummy Wizard)               Turns: 15226, Time: 00:49:58

Health: -1/72      AC: 13    Str: 10    XL:     10   Next: 2%
Magic:  12/20      EV: 13    Int: 21    God:    Gozag
Gold:   614        SH:  0    Dex: 11    Spells: 6 memorised, 8 levels left

rFire  . . .     SeeInvis .     d - +2 dagger (protect)
rCold  + . .     Clarity  .     j - +1 robe {rF+}
rNeg   + + +     SustAt   .     (no shield)
rPois  ∞         Gourm    .     n - +0 helmet
rElec  .         Spirit   .     u - +1 cloak
rCorr  .         Warding  .     (no gloves)
rMut   .         Stasis   .     (no boots)
MR     +....                    (no amulet)
Stlth  ++........               (no ring)
                                q - +2 ring of protection

@: repel missiles, somewhat resistant to hostile enchantments, unstealthy
A: no food or potions, fire vulnerability, cold resistance 1, negative energy
resistance 3, torment resistance, unbreathing
a: Potion Petition, Call Merchant, Bribe Branch, Renounce Religion


You were on level 8 of the Dungeon.
You worshipped Gozag.
Gozag was noncommittal.
You were not hungry.

You visited 2 branches of the dungeon, and saw 11 of its levels.
You also visited: Sewer.

You collected 985 gold pieces.
You spent 161 gold pieces at shops.
You paid 210 gold pieces to Gozag.

Inventory:

Hand Weapons
 d - a +2 dagger of protection (weapon)
 k - a +0 blowgun
 m - a +2 dagger of speed
Missiles
 l - 3 curare-tipped needles
Armour
 b - a +0 buckler
 f - a +1 robe of magic resistance
 j - a +1 robe of fire resistance (worn)
 n - a +0 helmet (worn)
 u - a +1 cloak (worn)
Jewellery
 q - a +2 ring of protection (left hand)
Wands
 a - a wand of fireball (5)
 t - a wand of digging (16)
Scrolls
 e - 2 scrolls of amnesia
 g - 2 scrolls of fear
 h - 2 scrolls of remove curse
 i - a scroll of blinking
 p - 2 scrolls of recharging
 s - 2 scrolls of fog
 v - a scroll of identify
Books
 c - a book of Minor Magic

   Spells                             Type                      Level
   a - Magic Dart                     Conjuration                  1
   b - Blink                          Translocation                2
   c - Call Imp                       Summoning                    2
   d - Repel Missiles                 Charms/Air                   2
   e - Slow                           Hexes                        2
   f - Conjure Flame                  Conjuration/Fire             3
   g - Mephitic Cloud                 Conjuration/Poison/Air       3
 o - a book of Callings

   Spells                             Type                      Level
   a - Summon Small Mammal            Summoning                    1
   b - Call Imp                       Summoning                    2
   c - Call Canine Familiar           Summoning                    3
   d - Summon Guardian Golem          Hexes/Summoning              3
   e - Summon Lightning Spire         Summoning/Air                4
   f - Summon Ice Beast               Ice/Summoning                4
 r - a book of Fire

   Spells                             Type                      Level
   a - Ignite Poison                  Fire/Transmutation/Poison    3
   b - Fireball                       Conjuration/Fire             5
   c - Bolt of Fire                   Conjuration/Fire             6
   d - Delayed Fireball               Conjuration/Fire             7
   e - Ring of Flames                 Charms/Fire                  7
 w - a book of the Sky

   Spells                             Type                      Level
   a - Summon Lightning Spire         Summoning/Air                4
   b - Airstrike                      Air                          4
   c - Silence                        Hexes/Air                    5
   d - Deflect Missiles               Charms/Air                   6
   e - Conjure Ball Lightning         Conjuration/Air              6
   f - Tornado                        Air                          9


   Skills:
 - Level 4.2 Fighting
 - Level 4.6 Dodging
 - Level 4.0 Stealth
 + Level 7.1 Spellcasting
 + Level 5.7 Conjurations
 - Level 4.0 Summonings
 - Level 0.7 Translocations
 + Level 3.7 Fire Magic


You had 8 spell levels left.
You knew the following spells:

 Your Spells              Type           Power        Failure   Level  Hunger
a - Magic Dart            Conj           ####         1%          1    N/A
b - Blink                 Tloc           N/A          12%         2    N/A
c - Call Imp              Summ           ###.....     2%          2    N/A
f - Fireball              Conj/Fire      ####......   34%         5    N/A
m - Mephitic Cloud        Conj/Pois/Air  ###.....     14%         3    N/A
R - Repel Missiles        Chrm/Air       #.....       14%         2    N/A

Dungeon Overview and Level Annotations

Branches:
Dungeon (10/15)            Temple (1/1) D:7
   Lair: D:8-11         Orc: D:9-12

Altars:
Ashenzari
Cheibriados
Dithmenos
Elyvilon
Fedhas
Gozag
Kikubaaqudgha
Nemelex Xobeh
Okawaru
Qazlal
Ru
Sif Muna
Trog
Vehumet
Xom
Yredelemnul
Zin
The Shining One

Shops:
D:6 [


Innate Abilities, Weirdness & Mutations

You do not eat or drink.
Your flesh is vulnerable to fire.
You are immune to poison.
Your flesh is cold resistant.
You are immune to negative energy.
You are immune to unholy pain and torment.
You can survive without breathing.


Message History

Casting: Magic Dart
Confirm with . or Enter, or press ? or * to list all spells.
Aiming: Magic Dart
Press: ? - help, Shift-Dir - straight line, f/p - two-headed ogre
Aim: a two-headed ogre, wielding two giant clubs (severely wounded)
The magic dart hits the two-headed ogre.
The two-headed ogre is almost dead.
The two-headed ogre hits you with a giant club!!
The two-headed ogre hits you with a giant club!
Casting: Magic Dart
Confirm with . or Enter, or press ? or * to list all spells.
Aiming: Magic Dart
Press: ? - help, Shift-Dir - straight line, f/p - two-headed ogre
Aim: a two-headed ogre, wielding two giant clubs (almost dead)
The magic dart hits the two-headed ogre.
The two-headed ogre is almost dead.
The two-headed ogre hits you with a giant club!
The two-headed ogre hits you with a giant club!!
You die...
Your body crumbles into a pile of gold.

###.............#####..........##
#....####......................
#..### #...............###....
#..# ##.#..........>..###...#
#[.# ##..##.........#..##....#
#..####...###..................
#..#......# ##....(............
##......##.## #.................
##....#####..###@................
..##..# ##.##.O...............#
####.[## #.......#...........##
#####..# #......###..###.....##
#.....# #..##..# ##..###......
#.##### #..##..# #...###.....
##[# #####..##..####z.......###
.#.#####.##........##........## #
...........######...........##


You could see a two-headed ogre.

Vanquished Creatures
  2 hungry ghosts (D:8)
  An ice beast (D:8)
  3 sky beasts
  2 big kobolds (D:4)
  4 giant frogs
  5 killer bees (D:8)
  20 wights
  3 crimson imps
  An orc priest (D:8)
  A jelly (D:8)
  A hound (D:7)
  An iguana (D:8)
  An orc wizard (D:6)
  A hound skeleton (D:4)
  A worker ant zombie (D:8)
  10 adders
  2 gnolls
  A shadow imp (D:6)
  3 oozes
  An adder skeleton (D:6)
  A worm (D:2)
  9 giant geckos
  6 orcs
  3 giant cockroaches
  9 goblins
  3 hobgoblins
  2 quokkas
  5 ball pythons
  7 bats
  5 giant newts
  6 jackals
  28 kobolds
  A quokka skeleton (D:8)
  16 rats
165 creatures vanquished.

Vanquished Creatures (collateral kills)
  2 orc warriors
  2 phantoms
  An ice beast (D:6)
  2 ogres
  5 centaurs
  6 big kobolds (D:4)
  3 giant frogs
  A scorpion (D:8)
  A killer bee (D:8)
  A crimson imp (D:6)
  3 iguanas
  4 hounds
  Ijyb (D:2)
  4 orc wizards
  4 worker ants
  2 hound zombies (D:7)
  14 adders
  5 gnolls
  4 river rats (Sewer)
  A shadow imp (D:4)
  2 oozes
  An adder skeleton (D:8)
  2 worms
  3 giant geckos
  13 orcs
  6 ball pythons
  A giant cockroach (D:4)
  A hobgoblin (D:4)
  3 jackals
  14 kobolds
  A giant newt (Sewer)
  A goblin (D:3)
  12 rats (Sewer)
126 creatures vanquished.

Vanquished Creatures (others)
  A human (D:2)
1 creature vanquished.

Grand Total: 292 creatures vanquished

Notes
Turn   | Place    | Note
--------------------------------------------------------------
     0 | D:1      | Miyamura the Mummy Wizard began the quest for the Orb.
     0 | D:1      | Reached XP level 1. HP: 13/13 MP: 4/4
   149 | D:1      | Reached skill level 1 in Conjurations
   427 | D:1      | Reached XP level 2. HP: 19/19 MP: 3/6
   459 | D:1      | Learned a level 2 spell: Call Imp
  1289 | D:2      | Reached XP level 3. HP: 25/25 MP: 4/7
  1290 | D:2      | Noticed Ijyb
  1300 | D:2      | Killed Ijyb
  1381 | D:2      | Learned a level 2 spell: Blink
  1489 | D:2      | Found an ancient bone altar of Kikubaaqudgha.
  1491 | D:2      | Noticed a human
  1492 | D:2      | Killed a human
  1728 | D:2      | Found a shimmering altar of Xom.
  1730 | D:2      | Found a shimmering altar of Xom.
  1730 | D:2      | Found a shimmering altar of Xom.
  1884 | D:2      | Reached XP level 4. HP: 31/31 MP: 0/9
  2047 | D:2      | Found a radiant altar of Vehumet.
  2464 | D:3      | Reached skill level 1 in Summonings
  2485 | D:3      | Reached skill level 1 in Fighting
  2722 | D:3      | Found a glowing drain.
  2759 | Sewer    | Entered a sewer
  2977 | Sewer    | Reached XP level 5. HP: 10/37 MP: 2/10
  3738 | Sewer    | Noticed a giant frog
  3738 | Sewer    | Noticed a giant frog
  3947 | Sewer    | Killed a giant frog
  4076 | Sewer    | Killed a giant frog
  4076 | Sewer    | Reached skill level 4 in Spellcasting
  4076 | Sewer    | Reached XP level 6. HP: 39/44 MP: 4/12
  4411 | D:3      | Found a basalt altar of Yredelemnul.
  5313 | D:4      | Learned a level 2 spell: Repel Missiles
  5332 | D:4      | Learned a level 3 spell: Mephitic Cloud
  5372 | D:4      | Reached XP level 7. HP: 15/50 MP: 2/13
  7022 | D:5      | Entered Level 5 of the Dungeon
  7228 | D:5      | Found an ancient bone altar of Kikubaaqudgha.
  7359 | D:5      | Found a white marble altar of Elyvilon.
  7812 | D:6      | Found Heoppeam's Armour Emporium.
  7835 | D:6      | Bought a +1 cloak for 161 gold pieces
  7869 | D:6      | Reached XP level 8. HP: 57/57 MP: 7/15
  8554 | D:6      | Found a shadowy altar of Dithmenos.
  8555 | D:6      | Found a deep blue altar of Sif Muna.
  8625 | D:6      | Reached skill level 5 in Spellcasting
  9687 | D:7      | Found a stormy altar of Qazlal.
  9687 | D:7      | You fall through a shaft for 3 floors!
  9687 | D:10     | Entered Level 10 of the Dungeon
 10333 | D:8      | Found an opulent altar of Gozag.
 10348 | D:8      | Became a worshipper of Gozag Ym Sagoz the Greedy
 10897 | D:7      | Learned a level 5 spell: Fireball
 10899 | D:7      | Found a staircase to the Ecumenical Temple.
 11010 | D:7      | Reached XP level 9. HP: 65/65 MP: 12/17
 11044 | Temple   | Entered the Ecumenical Temple
 11754 | D:7      | Reached skill level 1 in Fire Magic
 12227 | D:7      | Found a sparkling altar of Nemelex Xobeh.
 12231 | D:7      | Found an iron altar of Okawaru.
 12233 | D:7      | Found a bloodstained altar of Trog.
 12368 | D:8      | Noticed a two-headed ogre
 12629 | D:7      | Reached skill level 6 in Spellcasting
 13310 | D:8      | Reached skill level 5 in Conjurations
 14411 | D:8      | Reached skill level 7 in Spellcasting
 14991 | D:8      | Reached XP level 10. HP: 68/72 MP: 10/20
 15226 | D:8      | Slain by a two-headed ogre

Action                   |  1- 3 |  4- 6 |  7- 9 | 10-12 || total
-------------------------+-------+-------+-------+-------++-------
Melee: Unarmed           |     2 |       |       |       ||     2
       Dagger            |    11 |   309 |   466 |       ||   786
 Cast: Magic Dart        |    64 |    27 |   282 |    19 ||   392
       Call Imp          |     4 |    58 |   163 |       ||   225
       Blink             |       |     1 |    10 |       ||    11
       Repel Missiles    |       |     1 |     4 |       ||     5
       Mephitic Cloud    |       |     1 |     2 |       ||     3
       Fireball          |       |       |     2 |       ||     2
Evoke: Wand              |       |       |     8 |       ||     8
  Use: Scroll            |     5 |     9 |     9 |       ||    23
 Stab: Sleeping          |     2 |     4 |     3 |       ||     9
       Distracted        |       |     1 |     9 |       ||    10
       Confused          |       |     1 |       |       ||     1
